 Dungeon Crawl Stone Soup version 0.30-a0-2-gf48d83f5e2 (webtiles) character file.

Game seed: 12226479672923794593

7 ytrimaz the Trooper (level 1, -1/18 HPs)
             Began as a Demonspawn Fighter on Aug 20, 2022.
             Killed from afar by Jessica (13 damage)
             ... with a bolt of light
             ... on level 2 of the Dungeon.
             The game lasted 00:01:03 (894 turns).

ytrimaz the Trooper (Demonspawn Fighter)             Turns: 894, Time: 00:01:04

Health: -1/18      AC:  6    Str: 16    XL:     1   Next: 83%
Magic:  1/1        EV:  8    Int:  9    God:
Gold:   21         SH:  0    Dex: 12    Spells: 0/0 levels left

rFire   . . .      SeeInvis .    a - +0 rapier
rCold   . . .      Faith    .    c - +0 buckler
rNeg    . . .      Spirit   .    b - +0 scale mail
rPois   .          Reflect  .    (no helmet)
rElec   .          Harm     .    (no cloak)
rCorr   .          Rampage  .    (no gloves)
Will    .....                    (no boots)
Stlth   ..........               (no amulet)
HPRegen 0.06/turn                (no ring)
MPRegen 0.07/turn                (no ring)

@: confused
A: no striking features
a: no special abilities


You were on level 2 of the Dungeon.
You visited 1 branch of the dungeon, and saw 2 of its levels.

You collected 21 gold pieces.

Inventory:

Hand Weapons
 a - a +0 rapier (weapon)
Armour
 b - a +0 scale mail (worn)
 c - a +0 buckler (worn)
Scrolls
 j - a scroll of silence
Potions
 d - a potion of might
 f - a potion of heal wounds {unknown}
 h - 4 potions of curing {unknown}
 k - a potion of brilliance {unknown}
 l - a potion of haste {unknown}


   Skills:
 + Level 3.1 Fighting
 + Level 1.8 Short Blades
 + Level 2.9 Armour
 + Level 2.8 Shields


You couldn't memorise any spells.
You didn't know any spells.
Your spell library was empty.

Dungeon Overview and Level Annotations

Branches:
Dungeon (2/15)

Altars:

Annotations:
D:2 Jessica


Message History

There is a stone staircase leading down here.
You climb downwards.
There is a stone staircase leading up here.
A goblin comes into view. It is wielding a +0 club.
A goblin is nearby!
A goblin is nearby!
The goblin shouts!
The goblin hits you but does no damage.
You hit the goblin.
You kill the goblin!
Unknown command.
No target in view!
h - 4 dark potions (gained 1)
A goblin comes into view. It is wielding a +0 club.
Found 2 boomerangs and a sedimented cyan potion.
The goblin shouts!
A hobgoblin comes into view.
A goblin comes into view. It is wielding a +0 club.
Jessica the Apprentice Sorceress comes into view.
She is wielding a +0 club and carrying a wand of light (4).
Jessica shouts!
You hear a shout!
Jessica casts a spell.
Jessica blinks!
The goblin hits you but does no damage.
You hit the goblin.
You kill the goblin!
The hobgoblin shouts!
A goblin comes into view. It is wielding a +0 club.
You see here a +0 club.
Jessica gestures at you while chanting. Pain shoots through your body!
A goblin comes into view. It is wielding a +0 dagger. x2
A goblin comes into view. It is wielding a +0 whip.
You see here a +0 club.
You start resting.
There are monsters nearby!
Jessica hits you with a +0 club.
You closely miss Jessica.
Jessica zaps a wand.
The bolt of light hits you!
You are confused.
Ouch! That really hurt!
You die...

#### ....
######## .....
#....g.# ....g
#@####.#......
#@####.#....!g ..
#gg.@g.gg(.g.@
#.#.#.####.#.##g#
..........#
##.###....#.##.
................
..##.....######.#
... #.....#.....


You could see Jessica, a hobgoblin and 2 goblins.

Vanquished Creatures
  A hobgoblin (D:1)
  2 ball pythons (D:1)
  3 frilled lizards (D:1)
  2 goblins (D:2)
8 creatures vanquished.

Notes
Turn   | Place    | Note
-------+----------+-------------------------------------------
     0 | D:1      | ytrimaz the Demonspawn Fighter began the quest for the Orb.
     0 | D:1      | Reached XP level 1. HP: 18/18 MP: 1/1
    74 | D:1      | Found a faded altar of an unknown god.
   873 | D:2      | Noticed Jessica
   894 | D:2      | Killed from afar by Jessica

Illustrated notes

Levels and vault maps discovered:
D:1:      dpeg_arrival_simpleton_c, layout_loops_ring,
          ebering_ecumenical_altar_abandoned, feat_on_display
D:2:      layout_basic, uniq_jessica, uniq_robin

Action                   || total
-------------------------++-------
Melee: Rapier            ||    11
  Use: Scroll            ||     4
Armor: Scale mail        ||     5
Dodge: Dodged            ||     2
Block: Buckler           ||     2

Table legend: (Time is in decaauts)
 A = Elapsed time spent in this place.
 B = Non-inter-level travel time spent in this place.
 C = Inter-level travel time spent in this place.
 D = Time resting spent in this place.
 E = Time spent auto-exploring this place.
 F = Levels seen in this place.
 G = Mean time per level.
                   A        B        C        D        E       F      G
               +--------+--------+--------+--------+--------+-----+--------+
         Total |    895 |    867 |     28 |    130 |    657 |   2 |  447.5 |
       Dungeon |    895 |    867 |     28 |    130 |    657 |   2 |  447.5 |
               +--------+--------+--------+--------+--------+-----+--------+

Top non-repeatable levels by time:
     D:1: 853 daAuts
     D:2: 42 daAuts
